 Dungeon Crawl Stone Soup version 0.28-a0-1567-g1695149f81 (webtiles) character file.

Game seed: 6365682070932439392

96 southernslant the Conjurer (level 4, 0/20 (36) HPs)
             Began as a Draconian Conjurer on Jan 19, 2022.
             Slain by Ijyb (1 damage)
             ... on level 3 of the Dungeon.
             The game lasted 00:06:56 (2703 turns).

southernslant the Conjurer (Draconian Conjurer)     Turns: 2703, Time: 00:06:57

HP:   0/20 (36)     AC:  7    Str: 11    XL:     4   Next: 41%
MP:   0/8           EV: 12    Int: 19    God:
Gold: 114           SH:  0    Dex:  9    Spells: 5/8 levels left

rFire   . . .      SeeInvis .   e - +0 spear
rCold   . . .      Faith    .   (no shield)
rNeg    . . .      Spirit   .   (armour unavailable)
rPois   .          Reflect  .   (helmet restricted)
rElec   .          Harm     .   j - +0 cloak
rCorr   .          Rampage  .   m - +0 pair of gloves
Will    .....                   (no boots)
Stlth   +.........              (no amulet)
HPRegen 0.06/turn               (no ring)
MPRegen 0.11/turn               (no ring)

@: confused, very heavily drained
A: AC +5, unfitting armour, cold-blooded
a: no special abilities


You were on level 3 of the Dungeon.
You visited 1 branch of the dungeon, and saw 3 of its levels.

You collected 114 gold pieces.

Inventory:

Hand Weapons
 c - a +0 whip
 e - a +0 spear (weapon)
Missiles
 f - a stone (quivered)
Armour
 j - a +0 cloak (worn)
 m - a +0 pair of gloves (worn)
Wands
 l - a wand of iceblast (5)
Scrolls
 b - a scroll of teleportation {unknown}
 d - a scroll of identify {unknown}
 i - a scroll of enchant weapon {unknown}
 k - a scroll of blinking {unknown}
Potions
 a - 2 potions of invisibility {unknown}
 g - a potion of degeneration {unknown}
 h - a potion of mutation {unknown}


   Skills:
 * Level 1.9 Fighting
 - Level 0.3 Maces & Flails
 * Level 1.1 Polearms
 * Level 2.3 Dodging
 + Level 2.2 Stealth
 * Level 2.7 Spellcasting
 + Level 4.2 Conjurations


You had 5 spell levels left.
You knew the following spells:

 Your Spells              Type           Power      Damage    Failure   Level
a - Magic Dart            Conj           72%        1d6       2%          1
b - Searing Ray           Conj           36%        2d5       4%          2

Your spell library contained the following spells:

 Spells                   Type           Power      Damage    Failure   Level
 Dazzling Flash           Conj/Hex       20%        N/A       21%         3
 Blink                    Tloc           4%         N/A       24%         2
 Call Canine Familiar     Summ           2%         N/A       43%         3
 Lesser Beckoning         Tloc           2%         N/A       43%         3
 Portal Projectile        Hex/Tloc       4%         N/A       43%         3
 Fulminant Prism          Conj/Hex       5%         3d7       54%         4
 Iskenderun's Mystic Bla  Conj/Tloc      10%        2d4       54%         4
 Leda's Liquefaction      Hex/Erth       1%         N/A       83%         4
 Manifold Assault         Tloc           2%         N/A       99%         5


Dungeon Overview and Level Annotations

Branches:
Dungeon (3/15)

Altars:
Cheibriados
Yredelemnul
The Shining One

Shops:
D:3 [

Annotations:
D:3 Ijyb


Innate Abilities, Weirdness & Mutations

Your plain brown scales are hard. (AC +5)
You cannot fit into any form of body armour.
You are cold-blooded and may be slowed by cold attacks.


Message History

Aim: Ijyb, wielding a +4 dagger of draining, wearing a +0 chain mail and carrying a wand of charming (7) (moderately wounded)
Okay, then.
Casting: Magic Dart (safe; 2% risk of failure)
Confirm with . or Enter, or press ? or * to list all spells.
Aiming: Magic Dart (safe; 2% risk of failure)
Press: ? - help, Shift-Dir - straight line, f/p - Ijyb
Aim: Ijyb, wielding a +4 dagger of draining, wearing a +0 chain mail and carrying a wand of charming (7) (moderately wounded, 100% to hit)
Okay, then.
Aiming: Iceblast
Press: ? - help, Shift-Dir - straight line, f/p - Ijyb
Aim: Ijyb, wielding a +4 dagger of draining, wearing a +0 chain mail and carrying a wand of charming (7) (moderately wounded)
The mass of ice explodes!
The iceblast engulfs Ijyb!
Ijyb is severely wounded.
The iceblast engulfs you but does no damage.
Ijyb hits you with a +4 dagger of draining.
You feel drained.
Casting: Magic Dart (safe; 2% risk of failure)
Confirm with . or Enter, or press ? or * to list all spells.
Aiming: Searing Ray (safe; 4% risk of failure)
Press: ? - help, Shift-Dir - straight line, f/p - Ijyb
Aim: Ijyb, wielding a +4 dagger of draining, wearing a +0 chain mail and carrying a wand of charming (7) (severely wounded, 78% to hit)
The searing ray hits Ijyb.
Ijyb is almost dead. (Press . to maintain the ray.) Ijyb hits you with a +4 dagger of draining.
* * * LOW HITPOINT WARNING * * *
You feel drained.
* * * LOW HITPOINT WARNING * * *
The searing ray hits Ijyb but does no damage.
Ijyb is almost dead.
Ijyb zaps a wand.
You resist with some effort.
Unknown command.
The searing ray hits Ijyb but does no damage.
Ijyb is almost dead.
Ijyb zaps a wand.
Your will is overpowered!
You are confused.
Ijyb hits you with a +4 dagger of draining.
* * * LOW HITPOINT WARNING * * *
You feel drained.
You die...

..................#####.
....................####
..####....#.....(#...###
.# ..........##..#.....
####.#####...........
#.# #####.##.... ##.#
#....... ...###..####
##..)[...
.......@...#####..###...
........g........## #...
...........####### #...
...........# #...
.........>.# ####
##.........# #.........#
..........# ###########


You could see Ijyb.

Vanquished Creatures
  3 adders
  A shadow imp (D:3)
  2 worms (D:2)
  2 dart slugs
  An orc (D:3)
  6 bats
  6 endoplasms
  5 giant cockroaches
  3 goblins
  A hobgoblin (D:1)
  5 jackals
  3 quokkas
  3 ball pythons
  2 frilled lizards
  3 kobolds
  3 rats
49 creatures vanquished.

Notes
Turn   | Place    | Note
-------+----------+-------------------------------------------
     0 | D:1      | southernslant the Draconian Conjurer began the quest for
                  | the Orb.
     0 | D:1      | Reached XP level 1. HP: 14/14 MP: 3/3
   300 | D:1      | Reached XP level 2. HP: 20/22 MP: 5/5
   597 | D:1      | Reached skill level 1 in Fighting
   847 | D:1      | Found a faded altar of an unknown god.
  1353 | D:2      | Reached XP level 3. HP: 28/28 MP: 3/6
  1901 | D:2      | Learned a level 2 spell: Searing Ray
  1906 | D:2      | Reached XP level 4. HP: 36/36 MP: 1/7
  2387 | D:3      | Reached skill level 1 in Polearms
  2567 | D:3      | Found Oniongist's Armour Shoppe.
  2627 | D:3      | Found a glowing golden altar of the Shining One.
  2634 | D:3      | Found a snail-covered altar of Cheibriados.
  2636 | D:3      | Found a basalt altar of Yredelemnul.
  2671 | D:3      | Noticed Ijyb
  2703 | D:3      | HP: 1/21 [Ijyb (2)]
  2703 | D:3      | Slain by Ijyb

Illustrated notes

Levels and vault maps discovered:
D:1:      giann_bridges, layout_basic, shapermc_ecumenical_altar_notcrosses,
          minmay_misc_feat_chi, minmay_misc_feat_x
D:2:      layout_basic
D:3:      layout_rooms, gammafunk_temple_overflow_forgotten, serial_shops,
          nicolae_lakefront_shop, wad_rectangle_vault, uniq_ijyb,
          uniq_crazy_yiuf_cottage

Skill      XL: |  1  2  3  4 |
---------------+-------------+-----
Dodging        | 2 |  2.3
Fighting       | 1 |  1.9
Stealth        | 2 |  2.2
Polearms       | 1 |  1.1
Maces & Flails | |  0.3
Spellcasting   | |  2.7
Conjurations   | |  4.2

Action                   |  1- 3 |  4- 6 || total
-------------------------+-------+-------++-------
Melee: Unarmed           |    25 |       ||    25
       Whip              |    39 |       ||    39
       Tailslap          |     6 |     3 ||     9
       Spear             |    50 |    58 ||   108
 Cast: Magic Dart        |    28 |    12 ||    40
       Searing Ray       |     1 |     2 ||     3
Evoke: Wand              |       |     1 ||     1
 Stab: Sleeping          |     4 |       ||     4
       Distracted        |     1 |       ||     1
Armor: Skin              |    29 |    29 ||    58
Dodge: Dodged            |    93 |    43 ||   136

Table legend: (Time is in decaauts)
 A = Elapsed time spent in this place.
 B = Non-inter-level travel time spent in this place.
 C = Inter-level travel time spent in this place.
 D = Time resting spent in this place.
 E = Time spent auto-exploring this place.
 F = Levels seen in this place.
 G = Mean time per level.
                   A        B        C        D        E       F      G
               +--------+--------+--------+--------+--------+-----+--------+
         Total |   2713 |   2668 |     45 |      0 |   2156 |   3 |  904.3 |
       Dungeon |   2713 |   2668 |     45 |      0 |   2156 |   3 |  904.3 |
               +--------+--------+--------+--------+--------+-----+--------+

Top non-repeatable levels by time:
     D:1: 1237 daAuts
     D:2: 947 daAuts
     D:3: 529 daAuts
